 Dungeon Crawl Stone Soup version 0.29.1-13-g9f3cf754e1 (webtiles) character file.

Game seed: 2802318369945645166

33 protoss039 the Digger (level 3, -1/26 HPs)
             Began as a Demonspawn Earth Elementalist on Feb 9, 2023.
             Slain by Terence
             ... wielding a +0 falchion
              (3 damage)
             ... on level 2 of the Dungeon.
             The game lasted 00:02:16 (1489 turns).

protoss039 the Digger (DsEE)                        Turns: 1489, Time: 00:02:16

Health: -1/26      AC:  3    Str:  8    XL:     3   Next: 12%
Magic:  6/6        EV: 12    Int: 18    God:
Gold:   64         SH:  0    Dex: 13    Spells: 4/7 levels left

rFire   . . .      SeeInvis .   h - +0 dagger
rCold   . . .      Faith    .   (no shield)
rNeg    . . .      Spirit   .   a - +0 robe
rPois   .          Reflect  .   (no helmet)
rElec   .          Harm     .   (no cloak)
rCorr   .          Rampage  .   m - +0 pair of gloves
Will    .....                   (no boots)
Stlth   ++........              (no amulet)
HPRegen 0.08/turn               (no ring)
MPRegen 0.20/turn               (no ring)

@: attractive
A: magic regeneration
a: no special abilities


You were on level 2 of the Dungeon.
You visited 1 branch of the dungeon, and saw 2 of its levels.

You collected 64 gold pieces.

Inventory:

Hand Weapons
 h - a +0 dagger (weapon)
Armour
 a - a +0 robe (worn)
 m - a +0 pair of gloves (worn)
Scrolls
 e - a scroll of poison {unknown}
 f - a scroll of identify {unknown}
 i - a scroll of acquirement {unknown}
 j - 2 scrolls of fear {unknown}
 k - a scroll of blinking {unknown}
Potions
 b - a potion of magic
 c - a potion of attraction
 d - a potion of degeneration {unknown}
 g - 2 potions of brilliance {unknown}
 l - a potion of flight {unknown}


   Skills:
 + Level 1.4 Fighting
 - Level 1.7 Dodging
 - Level 1.7 Stealth
 + Level 2.5 Spellcasting
 - Level 0.8 Transmutations
 + Level 3.1 Earth Magic


You had 4 spell levels left.
You knew the following spells:

 Your Spells              Type           Power      Damage    Failure   Level
a - Sandblast             Erth           26%        2d8       4%          1
b - Passwall              Tmut/Erth      7%         N/A       12%         2

Your spell library contained the following spells:

 Spells                   Type           Power      Damage    Failure   Level
 Slow                     Hex            8%         N/A       17%         1
 Stone Arrow              Conj/Erth      14%        3d7       26%         3
 Confusing Touch          Hex            2%         N/A       45%         3
 Vampiric Draining        Necr           2%         2d6       45%         3
 Petrify                  Tmut/Erth      9%         N/A       58%         4


Dungeon Overview and Level Annotations

Branches:
Dungeon (2/15) Zot: 10487

Altars:

Annotations:
D:2 Terence


Innate Abilities, Weirdness & Mutations

You regenerate magic rapidly.


Message History

You hit Terence but do no damage. Terence barely misses you.
You hit Terence but do no damage. Terence hits you but does no damage.
You barely miss Terence. Terence hits you with a +0 falchion!
You hit Terence but do no damage. Terence closely misses you.
You hit Terence but do no damage. Terence closely misses you.
You closely miss Terence. Terence closely misses you.
You hit Terence.
Terence is lightly wounded.
Terence barely misses you.
Casting: Sandblast (safe; 4% risk of failure)
Confirm with . or Enter, or press ? or * to list all spells.
Aiming: Sandblast (safe; 4% risk of failure)
Press: ? - help, Shift-Dir - straight line, f/p - Terence
Aim: Terence, wielding a +0 falchion and wearing a +0 scale mail of cold resistance (lightly wounded, 84% to hit)
The blast of sand hits Terence but does no damage.
Terence is lightly wounded.
Terence hits you with a +0 falchion!
Casting: Sandblast (safe; 4% risk of failure)
Confirm with . or Enter, or press ? or * to list all spells.
Aiming: Sandblast (safe; 4% risk of failure)
Press: ? - help, Shift-Dir - straight line, f/p - Terence
Aim: Terence, wielding a +0 falchion and wearing a +0 scale mail of cold resistance (lightly wounded, 84% to hit)
The blast of sand hits Terence but does no damage.
Terence is lightly wounded.
Terence completely misses you. Terence barely misses you.
Terence attacks as you move away! Terence hits you with a +0 falchion.
Terence attacks as you move away! Terence closely misses you.
Terence screams, "I want your blood!" Terence attacks as you move away!
Terence barely misses you.
Terence shouts, "Get ready for death!"
Terence attacks as you move away! Terence misses you.
Terence attacks as you move away! Terence hits you with a +0 falchion!
* * * LOW HITPOINT WARNING * * *
There is a stone staircase leading down here.
Terence attacks as you move away! Terence barely misses you.
Terence attacks as you move away! Terence barely misses you.
It was a potion of attraction.
You feel attractive to monsters. Terence hits you with a +0 falchion.
You die...

.. #.##.##.##.# #.##.##
... #.##..#.##.####
#.##.## ...
#.##..#.......# #.##...
...#####.......##.#...
#.####†
.........##..#.##.# ...#
#.####. .............#>#
..# #......
.........##..#.# ...#
######.
...########.##.####.....##
####.. .. #.##.@@....##..
..##.# . #.###########.#
#.##.#
#.###########.####.##.#
................##.##.#
#.#.##.#<####.#.##.##.#
#.# # #.# #.#.##.##.# #..
#.# #<........# #.#
########### #.#


You could see Terence.

Vanquished Creatures
  A worm (D:2)
  A dart slug (D:1)
  An endoplasm (D:1)
  2 giant cockroaches (D:1)
  5 hobgoblins (D:1)
  3 quokkas
  4 ball pythons
  2 bats (D:1)
  A frilled lizard (D:1)
  2 goblins (D:1)
  2 kobolds (D:1)
  2 rats
26 creatures vanquished.

Notes
Turn   | Place    | Note
-------+----------+-------------------------------------------
     0 | D:1      | protoss039 the Demonspawn Earth Elementalist began the
                  | quest for the Orb.
     0 | D:1      | Reached XP level 1. HP: 13/13 MP: 3/3
     4 | D:1      | Noticed a spriggan
     6 | D:1      | Noticed a naga
     8 | D:1      | Noticed a minotaur skeleton
     9 | D:1      | Noticed a minotaur
    19 | D:1      | Noticed a formicid
    21 | D:1      | Noticed a minotaur
   518 | D:1      | Gained mutation: You regenerate magic rapidly. [demonic
                  | ancestry]
   518 | D:1      | Reached XP level 2. HP: 20/20 MP: 3/5
   626 | D:1      | Reached skill level 3 in Earth Magic
   792 | D:1      | Reached skill level 1 in Fighting
  1328 | D:2      | Learned a level 2 spell: Passwall
  1395 | D:2      | Reached XP level 3. HP: 26/26 MP: 2/6
  1459 | D:2      | Noticed Terence
  1489 | D:2      | Slain by Terence

Illustrated notes

Levels and vault maps discovered:
D:1:      shiori_arrival_whats_in_store_for_you, layout_loops_cross,
          grunt_decor_junction, minmay_misc_feat_encased
D:2:      layout_loops_cross, chequers_ecumenical_altar_simple, minmay_3d_cube,
          uniq_terence

Skill      XL: |  1  2 |
---------------+-------+-----
Earth Magic    | 3 |  3.1
Fighting       | 1 |  1.4
Dodging        | |  1.7
Stealth        | |  1.7
Spellcasting   | |  2.5
Transmutations | |  0.8

Action                   || total
-------------------------++-------
Melee: Unarmed           ||    10
       Punch             ||     1
       Dagger            ||    26
 Cast: Sandblast         ||    47
  Use: Potion            ||     1
 Stab: Sleeping          ||     1
Armor: Robe              ||    20
Dodge: Dodged            ||    70
